 Dungeon Crawl Stone Soup version 0.27-a0-1381-g81fdcbfb23 (webtiles) character file.

Game seed: 15834346854463548990

64 Froggeryz the Vexing (level 4, 0/28 HPs)
             Began as an Octopode Wanderer on June 29, 2021.
             Slain by a goblin (6 damage)
             ... led by Robin
             ... on level 3 of the Dungeon.
             The game lasted 00:02:45 (2393 turns).

Froggeryz the Vexing (Octopode Wanderer)            Turns: 2393, Time: 00:02:46

Health: 0/28       AC:  1    Str: 12    XL:     4   Next: 12%
Magic:  4/4        EV: 13    Int: 12    God:
Gold:   46         SH:  0    Dex: 13    Spells: 1/3 levels left

rFire    . . .     SeeInvis .   b - +2 dagger (drain)
rCold    . . .     Faith    .   (no shield)
rNeg     . . .     Spirit   .   (helmet restricted)
rPois    .         Reflect  .   (no amulet)
rElec    .         Harm     .   (no ring)
rCorr    .         Rampage  .   (no ring)
Will     .....                  (no ring)
Stlth    +++.......             (no ring)
HPRegen  0.09/turn              (no ring)
MPRegen  0.09/turn              (no ring)
                                (no ring)
                                (no ring)

@: no status effects
A: almost no armour, amphibious, 8 rings, camouflage 1, gelatinous body 1,
(nimble swimmer 1), tentacles
a: no special abilities


You were on level 3 of the Dungeon.
You visited 1 branch of the dungeon, and saw 3 of its levels.

You collected 46 gold pieces.

Inventory:

Hand Weapons
 b - a +2 dagger of draining (weapon)
Scrolls
 a - 2 scrolls of identify {unknown}
 c - a scroll of fear {unknown}
 d - a scroll of teleportation {unknown}
 f - a scroll of enchant armour {unknown}
 g - a scroll of enchant weapon {unknown}
 l - a scroll of noise {unknown}
 m - a scroll of vulnerability {unknown}
Potions
 e - a potion of heal wounds {unknown}
 h - 2 potions of curing {unknown}
 i - a potion of invisibility {unknown}
 j - 3 potions of might {unknown}
 k - a potion of degeneration {unknown}


   Skills:
 - Level 1.0 Fighting
 * Level 1.9 Short Blades
 * Level 2.3 Dodging
 - Level 1.3 Stealth
 - Level 4.0 Hexes
 - Level 3.0 Earth Magic
 + Level 1.5 Poison Magic
 - Level 1.1 Evocations


You had one spell level left.
You knew the following spells:

 Your Spells              Type           Power      Damage    Failure   Level
a - Poisonous Vapours     Pois/Air       2%         N/A       36%         2

Your spell library contained the following spells:

 Spells                   Type           Power      Damage    Failure   Level
 Corona                   Hex            10%        N/A       6%          1
 Apportation              Tloc           0%         N/A       32%         1
 Confusing Touch          Hex            9%         N/A       19%         3
 Tukima's Dance           Hex            9%         N/A       19%         3
 Ensorcelled Hibernation  Hex/Ice        8%         N/A       22%         2
 Dazzling Flash           Conj/Hex       8%         N/A       41%         3
 Corpse Rot               Necr/Air       N/A        N/A       45%         2
 Gell's Gravitas          Tloc           0%         N/A       69%         3


Dungeon Overview and Level Annotations

Branches:
Dungeon (3/15)

Altars:

Annotations:
D:3 Robin


Innate Abilities, Weirdness & Mutations

You cannot wear most types of armour.
You are amphibious.
You can wear up to eight rings at the same time.
Your skin changes colour to match your surroundings (Stealth+).
Your rubbery body absorbs attacks. (AC +1, EV +1)
((You are camouflaged near water. (Stealth+)))
You have tentacles for arms and can constrict up to eight enemies at once.


Message History

The jackal is severely wounded.
You constrict the jackal, but do no damage.
The jackal bites you. The jackal misses you.
You completely miss the jackal.
The jackal is severely wounded.
You constrict the jackal, but do no damage.
The jackal bites you.
You hit the jackal.
You squeeze the jackal, but do no damage.
The jackal is almost dead.
You constrict the jackal.
You kill the jackal!
You hit the jackal.
You kill the jackal!
No target in view!
No target in view!
m - a scroll labelled MOFYJ COALUAL You start resting.
HP restored.
Robin is nearby!
Robin shouts!
Robin roars a battlecry!
The goblin goes into a battle-frenzy!
Robin drinks a potion.
Robin seems to speed up.
Robin hits you with a +0 dagger of electrocution.
You are electrocuted!
Ouch! That really hurt!
You are too injured to fight recklessly!
Okay, then.
Okay, then.
You hit Robin but do no damage. You drain Robin. Your grab misses Robin.
Robin is moderately wounded.
Robin throws the goblin at you! The goblin barely misses you.
Robin barely misses you.
You closely miss the goblin. Your grab misses the goblin. Robin misses you.
The goblin hits you with a +0 club.
* * * LOW HITPOINT WARNING * * *
You hit the goblin but do no damage. Your grab misses the goblin.
Robin closely misses you. The goblin hits you with a +0 club.
You die...

... ##.. #### #......
#..# ###...
#.....####..#####.
....###......##........
.
#...................##..
#......................
#.))...................
#.<).....g........###
#....>..@.....##....##
####.#..g.....##..#..#
..
#.##.#.#######..#.....
#.##.#.# ##.# #..
#....#.# ##.####.#
##..##.# ###..†.....
#.###.# #....###..#
#.##..# ###.##†###.##
#.##.####...##..##.#


You could see Robin (fast, drained) and a goblin (strong).

Vanquished Creatures
  A dart slug (D:1)
  2 endoplasms (D:1)
  2 giant cockroaches
  11 goblins
  8 hobgoblins
  13 jackals
  A kobold (D:1)
  2 quokkas
  3 ball pythons
  3 bats
  2 frilled lizards
  4 rats
52 creatures vanquished.

Notes
Turn   | Place    | Note
-------+----------+-------------------------------------------
     0 | D:1      | Froggeryz the Octopode Wanderer began the quest for the
                  | Orb.
     0 | D:1      | Froggeryz set off with the following items: a +0 club; and
                  | the following spells available to memorise: Corona,
                  | Confusing Touch, Tukima's Dance, Ensorcelled Hibernation,
                  | Apportation, Poisonous Vapours, Dazzling Flash, Corpse Rot,
                  | Gell's Gravitas
     0 | D:1      | Reached XP level 1. HP: 11/11 MP: 1/1
   286 | D:1      | Reached skill level 1 in Dodging
   299 | D:1      | Reached XP level 2. HP: 14/18 MP: 2/2
   651 | D:1      | Reached skill level 1 in Fighting
   733 | D:1      | Reached skill level 1 in Short Blades
   735 | D:1      | Reached XP level 3. HP: 17/23 MP: 3/3
  1305 | D:2      | Found a faded altar of an unknown god.
  1442 | D:2      | Learned a level 2 spell: Poisonous Vapours
  1912 | D:3      | Noticed Robin
  2096 | D:2      | Reached XP level 4. HP: 12/28 MP: 4/4
  2393 | D:3      | Slain by a goblin

Illustrated notes

Levels and vault maps discovered:
D:1:      mushboom_english_gardens, layout_basic
D:2:      layout_rooms, ebering_ecumenical_altar_sacrificial
D:3:      layout_rooms, kennysheep_generic_room_2, uniq_robin, uniq_ijyb

Skill      XL: |  1  2  3 |
---------------+----------+-----
Dodging        | 1 2 |  2.3
Fighting       | 1 |  1.0
Short Blades   | 1 |  1.9
Stealth        | |  1.3
Hexes          | |  4.0
Earth Magic    | |  3.0
Poison Magic   | |  1.5
Evocations     | |  1.1

Action                   |  1- 3 |  4- 6 || total
-------------------------+-------+-------++-------
Melee: Club              |    14 |       ||    14
       Constrict         |    23 |     2 ||    25
       Tentacles         |    13 |     2 ||    15
       Dagger            |    76 |    13 ||    89
 Stab: Sleeping          |     6 |     1 ||     7
       Distracted        |     1 |       ||     1
Armor: Skin              |     5 |       ||     5
Dodge: Dodged            |    49 |     7 ||    56

Table legend: (Time is in decaauts)
 A = Elapsed time spent in this place.
 B = Non-inter-level travel time spent in this place.
 C = Inter-level travel time spent in this place.
 D = Time resting spent in this place.
 E = Time spent auto-exploring this place.
 F = Levels seen in this place.
 G = Mean time per level.
                   A        B        C        D        E       F      G
               +--------+--------+--------+--------+--------+-----+--------+
         Total |   2393 |   2340 |     53 |    581 |   1384 |   3 |  797.7 |
       Dungeon |   2393 |   2340 |     53 |    581 |   1384 |   3 |  797.7 |
               +--------+--------+--------+--------+--------+-----+--------+

Top non-repeatable levels by time:
     D:1: 1300 daAuts
     D:2: 957 daAuts
     D:3: 135 daAuts
